 Dungeon Crawl Stone Soup version 0.29.1 (webtiles) character file.

Game seed: 17356982930474528763

259 Icepheonix32 the Trooper (level 5, -11/48 HPs)
             Began as a Minotaur Fighter on Sept 14, 2022.
             Mangled by an ogre
             ... wielding a +0 giant spiked club
              (25 damage)
             ... on level 4 of the Dungeon.
             The game lasted 00:03:20 (2265 turns).

Icepheonix32 the Trooper (Minotaur Fighter)         Turns: 2265, Time: 00:03:20

Health: -11/48     AC:  8    Str: 25 (28) XL:     5   Next: 94%
Magic:  4/4        EV: 10    Int:  5      God:
Gold:   142        SH:  4    Dex:  7 (10) Spells: 4/4 levels left

rFire   . . .      SeeInvis .   a - +0 war axe
rCold   . . .      Faith    .   c - +0 buckler
rNeg    . . .      Spirit   .   b - +0 scale mail
rPois   .          Reflect  .   (helmet restricted)
rElec   .          Harm     .   (no cloak)
rCorr   .          Rampage  .   i - +0 pair of gloves
Will    .....                   (no boots)
Stlth   ..........              n - amulet of regeneration
HPRegen 0.96/turn               r - +6 ring of strength
MPRegen 0.09/turn               (no ring)

@: mighty
A: horns 2, retaliatory headbutt, sturdy frame 1
a: no special abilities


You were on level 4 of the Dungeon.
You visited 1 branch of the dungeon, and saw 4 of its levels.

You collected 142 gold pieces.

Inventory:

Hand Weapons
 a - a +0 war axe (weapon)
 l - a +0 sling of freezing
Missiles
 m - 2 boomerangs (quivered)
Armour
 b - a +0 scale mail (worn)
 c - a +0 buckler (worn)
 i - a +0 pair of gloves (worn)
Jewellery
 n - an amulet of regeneration (around neck)
 r - a +6 ring of strength (left hand)
Scrolls
 e - 3 scrolls of teleportation
 g - a scroll of magic mapping {unknown}
 h - a scroll of summoning {unknown}
 j - a scroll of enchant armour {unknown}
 k - a scroll of torment
 o - a scroll of poison
 q - a scroll of vulnerability
 t - a scroll of amnesia
 u - a scroll of immolation
Potions
 f - 2 potions of curing


   Skills:
 * Level 5.4 Fighting
 + Level 4.5 Axes
 * Level 5.0 Armour
 + Level 0.4 Dodging
 + Level 4.5 Shields


You had 4 spell levels left.
You didn't know any spells.
Your spell library contained the following spells:

 Spells                   Type           Power      Damage    Failure   Level
 Apportation              Tloc           0%         N/A       75%         1
 Necrotise                Necr           0%         1d4       75%         1
 Shock                    Conj/Air       0%         1d3       75%         1
 Summon Small Mammal      Summ           0%         N/A       75%         1
 Ignite Poison            Fire/Tmut/Pois 0%         N/A       98%         3
 Mephitic Cloud           Conj/Pois/Air  0%         N/A       98%         3
 Swiftness                Air            0%         N/A       98%         3
 Airstrike                Air            0%         2d(0-16)  100%        4
 Freezing Cloud           Conj/Ice/Air   0%         6-21      100%        5
 Summon Forest            Summ/Tloc      0%         N/A       100%        5
 Eringya's Noxious Bog    Tmut/Pois      0%         N/A       100%        6
 Summon Hydra             Summ           0%         N/A       100%        7


Dungeon Overview and Level Annotations

Branches:
Dungeon (4/15)
 Temple: D:4-7

Altars:
Qazlal


Innate Abilities, Weirdness & Mutations

You have a pair of horns on your head.
You reflexively headbutt those who attack you in melee.
Your movements are slightly less encumbered by armour. (ER -2)


Message History

No target in view!
No target in view!
No target in view!
No target in view!
No target in view!
No target in view!
No target in view!
No target in view!
No target in view!
There is an open door here.
h - a scroll labelled LOCVOK DENEASORET
There is an open door here.
You see here a staff of earth.
You see here a +0 pair of gloves.
i - a +0 pair of gloves You start putting on your armour.
You continue putting on your +0 pair of gloves. x4
You finish putting on your +0 pair of gloves.
Found a club.
You see here a +0 club.
j - a scroll labelled CAQIBB FUCZU An ogre comes into view.
It is wielding a +0 giant spiked club.
The ogre shouts!
An ogre is nearby!
You barely miss the ogre. Your headbutt misses the ogre.
The ogre hits you with a +0 giant spiked club!!
You slash the ogre!
The ogre is moderately wounded.
The ogre hits you with a +0 giant spiked club!
* * * LOW HITPOINT WARNING * * *
You feel very mighty all of a sudden.
You hit the ogre.
The ogre is heavily wounded.
The ogre hits you with a +0 giant spiked club.
* * * LOW HITPOINT WARNING * * *
You hit the ogre.
The ogre is severely wounded.
The ogre hits you with a +0 giant spiked club!!
Ouch! That really hurt!
You die...

#..<# #.##
#######...## #.#
#..>....#..## #.# #
#.###...#...# #.# #.
#.# #.#####.###.#
#.####.###...#.......#
#............#..######
###..O)....#....#
#.##@######...# #.##.#
#...# #.##.# #...#
#.##.######...#
#.##......)...#
#.#########..## #.#
#..# ##.## #..#
#########...## #..#


You could see an ogre.

Vanquished Creatures
  A howler monkey (D:4)
  An orc priest (D:4)
  3 orc wizards
  An adder (D:2)
  2 worms (D:3)
  A dart slug (D:3)
  15 orcs
  6 endoplasms
  6 giant cockroaches
  8 hobgoblins
  4 quokkas
  7 ball pythons
  10 bats
  3 frilled lizards
  5 goblins
  4 kobolds
  5 rats
82 creatures vanquished.

Notes
Turn   | Place    | Note
-------+----------+-------------------------------------------
     0 | D:1      | Icepheonix32 the Minotaur Fighter began the quest for the
                  | Orb.
     0 | D:1      | Reached XP level 1. HP: 19/19 MP: 0/0
   154 | D:1      | Reached XP level 2. HP: 23/27 MP: 1/1
   535 | D:1      | Reached XP level 3. HP: 33/33 MP: 2/2
   647 | D:2      | Reached XP level 4. HP: 10/41 MP: 3/3
   925 | D:2      | Found a faded altar of an unknown god.
  1738 | D:3      | Reached XP level 5. HP: 42/47 MP: 4/4
  1995 | D:3      | Gained mutation: Your movements are slightly less
                  | encumbered by armour. (ER -2) [potion of mutation]
  2096 | D:4      | Reached skill level 5 in Fighting
  2096 | D:4      | Reached skill level 5 in Armour
  2177 | D:4      | Found a stormy altar of Qazlal.
  2260 | D:4      | Noticed an ogre
  2265 | D:4      | Mangled by an ogre

Illustrated notes

Levels and vault maps discovered:
D:1:      lightli_arrival_windingriver, layout_rooms
D:2:      layout_loops_ring, chequers_ecumenical_altar_simple
D:3:      layout_basic
D:4:      layout_loops_ring, grunt_temple_overflow_cloverleaf

Skill      XL: |  1  2  3  4  5 |
---------------+----------------+-----
Fighting       | 4 5 |  5.4
Armour         | 4 5 |  5.0
Axes           | 3 4 |  4.5
Shields        | 4 |  4.5
Dodging        | |  0.4

Action                   |  1- 3 |  4- 6 || total
-------------------------+-------+-------++-------
Melee: War axe           |    61 |   117 ||   178
       Headbutt          |     3 |    15 ||    18
  Use: Potion            |     1 |     6 ||     7
       Scroll            |       |     6 ||     6
Armor: Scale mail        |    31 |    43 ||    74
Dodge: Dodged            |    32 |    52 ||    84
Block: Buckler           |    14 |    22 ||    36
